[Event "Belgrade RAD 30"]
[Site "Belgrade"]
[Date "1977.01.15"]
[Round "1.1"]
[White "Rajkovic, Dusan"]
[Black "Portisch, Ferenc"]
[Result "0-1"]
[ECO "A26"]
[WhiteElo "2495"]
[BlackElo "2475"]
[Annotator "Primel,D"]
[PlyCount "49"]
[EventDate "1977.01.15"]
[EventType "tourn"]
[EventRounds "13"]
[EventCountry "SRB"]
[EventCategory "9"]
[SourceTitle "EXT 2018"]
[Source "ChessBase"]
[SourceDate "2017.10.13"]
[SourceVersion "1"]
[SourceVersionDate "2017.10.13"]
[SourceQuality "1"]
[TimeControl "40/9000:16/5400:0"]

1. g3 g6 2. Bg2 Bg7 3. Nf3 Nf6 4. O-O O-O 5. c4 d6 6. Nc3 e5 7. d3 Nc6 8. Rb1
a5 (8... h6) 9. a3 Re8 10. Nd2 (10. Bg5 h6 11. Bxf6 Bxf6 12. b4 (
12. Nd5)) 10... Bg4 11. h3 Be6 12. Nd5 (12. Kh2 h6 13. b4 axb4 14. axb4 d5 15.
b5 Ne7 16. cxd5 Nfxd5 17. Bb2 Nxc3 18. Bxc3 Bd5 19. Nc4 Bxg2 20. Kxg2 {1/2-1/2
(20) Petrosian,T-Keres,P Moscow 1957}) 12... Qc8 $146 (12... Bxd5 13. cxd5 Ne7
14. e4 c6 15. dxc6 Nxc6 16. b4 axb4 17. axb4 d5 18. b5 Nd4 19. Re1 dxe4 20.
dxe4 Nd7 21. Nc4 Nc5 22. Ne3 Nd3 23. Rf1 Ra2 24. Bd2 Nb2 25. Qe1 Nxb5 26. Nd5
Na3 27. Bc3 Nd3 28. Qd1 Nxb1 29. Qxb1 Rxf2 30. Qxd3 Rxf1+ 31. Bxf1 h5 32. Qb5
Qc8 33. Bb4 Kh8 34. Ne7 Qa8 35. Nd5 Qc8 36. Qd3 Bf8 37. Qe2 Kg7 38. Bxf8+ Rxf8
39. Nb6 Qc6 {1/2-1/2 (39) Palacios,A-Kuroda,P Haifa 1976}) 13. Kh2 Ne7 $1 14.
Nxf6+ Bxf6 15. Ne4 Bg7 $11 16. Bg5 Bd7 $5 (16... f5 17. Nf6+
Bxf6 18. Bxf6 Kf7) 17. Nf6+ Bxf6 18. Bxf6 Bc6 19. Bxc6 bxc6 20. Qa4 c5 21. f4
$2 exf4 22. Rbe1 (22. Rxf4 Nd5 $1 23. cxd5 Rxe2+ 24. Kg1 Qxh3)
22... fxg3+ 23. Kg2 (23. Kxg3 Nf5+ 24. Kh2 Re3 ) 23... Nf5
$19 24. e4 Re6 25. Bc3 0-1

[Event "Rohde op 09th"]
[Site "Sautron"]
[Date "2009.10.26"]
[Round "3"]
[White "Colovic, Aleksandar"]
[Black "Haub, Thorsten Michael"]
[Result "1/2-1/2"]
[ECO "A26"]
[WhiteElo "2441"]
[BlackElo "2478"]
[Annotator "RR"]
[PlyCount "91"]
[EventDate "2009.10.24"]
[EventType "swiss"]
[EventRounds "9"]
[EventCountry "FRA"]
[SourceTitle "EXT 2010"]
[Source "ChessBase"]
[SourceDate "2010.11.25"]
[SourceVersion "1"]
[SourceVersionDate "2010.11.25"]
[SourceQuality "1"]
[TimeControl "6000"]
[WhiteClock "0:00:05"]
[BlackClock "0:00:04"]

1. c4 f5 2. g3 Nf6 3. Bg2 g6 4. Nc3 Bg7 5. d3 Nc6 6. Nf3 O-O 7. O-O d6 8. Rb1
a5 (8... e5) 9. a3 e5 10. Bg5 (10. b4) 10... Be6 11. Nd2 Qd7 12. Bxf6 (12. b4
axb4 13. axb4 Rab8 14. b5) 12... Bxf6 13. Nd5 a4 14. e3 Bg7 15. Re1 Ra5 16. Rc1
b6 17. Nb1 e4 18. Nbc3 Ne5 19. dxe4 fxe4 20. Nxe4 Nxc4 21. Ng5 $1 Nxb2 22. Qd2
Rc5 (22... Bf7 23. Nxf7 Rxf7 24. Nxc7 $16) 23. Nxe6 Qxe6 24. Nxc7 Qf5 25. Bd5+
Kh8 26. e4 Qf3 27. Ne6 Rxc1 (27... Nd3 $5 $13 {une position compliquée а
analyser а l'approche du zeinot}) 28. Rxc1 Nd3 29. Nxf8 Nxc1 30. Qxc1 Qxf8 31.
Qc4 b5 32. Qxb5 Bd4 33. Qe2 Qf6 34. Kg2 Bc5 35. Qf3 {il sera difficile de
valoriser le P supplémentaire en finale de B de couleurs opposées.} Qxf3+ (
35... Bxa3 {La sauvegarde de la partie avec le logiciel Toma était erronée car
elle mentionnait cette variante} 36. Bc6 Kg7 37. Bxa4) 36. Kxf3 Bxa3 37. Bc6
Kg7 38. Bxa4 Kf6 39. h4 h6 40. Be8 Bc5 41. Ke2 g5 42. f4 gxh4 43. gxh4 Ba3 44.
Kf3 Bc1 45. Kg4 Bd2 46. h5 1/2-1/2